 Dungeon Sprint DCSS version 0.29-a0-233-g1125b37a9b (webtiles) character file.

Game seed: 12287849051636828004

9664 mhtbhm the Fencer (level 11, -4/175 HPs)
             Began as a White Draconian Berserker on Mar 1, 2022.
             Was the Champion of Trog.
             Slain by Joseph
             ... wielding a +2 quarterstaff of freezing
              (17 damage)
             ... in the Dungeon (Sprint III: "The Ten Rune Challenge").
             The game lasted 00:05:49 (3062 turns).

mhtbhm the Fencer (White Draconian Berserker)       Turns: 3062, Time: 00:05:50

Health: -4/175     AC:  8    Str: 23    XL:     11   Next: 26%
Magic:  11/11      EV: 17    Int:  7    God:    Trog [******]
Gold:   2287       SH:  0    Dex: 12    Spells: 10/10 levels left

rFire   . . .      SeeInvis .   a - +3 great sword (flame)
rCold   + . .      Faith    .   (shield currently unavailable)
rNeg    . . .      Spirit   .   (body armour unavailable)
rPois   .          Reflect  .   (helmet restricted)
rElec   .          Harm     .   (no cloak)
rCorr   .          Rampage  .   (no gloves)
Will    .....      NoTele   +   (no boots)
Stlth   ..........              (no amulet)
HPRegen 0.39/turn               (no ring)
MPRegen 0.12/turn               (no ring)

@: berserking, lethally poisoned (-4 -> -15), short of breath, slowed
A: breathe frost, AC +7, unfitting armour, cold resistance 1, cold-blooded,
mutation resistance 1, shaggy fur 1
a: Breathe Frost, Renounce Religion, Berserk, Trog's Hand, Brothers in Arms


You were in the Dungeon.
You worshipped Trog.
Trog was exalted by your worship.
You visited 1 branch You collected 2389 gold pieces.
You spent 102 gold pieces at shops.

Inventory:

Hand Weapons
 a - a +3 great sword of flaming (weapon)
Scrolls
 g - 2 scrolls of blinking
 i - 2 scrolls of holy word
Potions
 b - a potion of curing
 c - 2 potions of cancellation
 d - a potion of haste
 e - 2 potions of magic
 f - a potion of berserk rage
 h - a potion of mutation
 k - 3 potions of flight
Miscellaneous
 l - a condenser vane


   Skills:
 + Level 17.2 Fighting
 + Level 18.1 Long Blades
 + Level 12.3 Dodging
 + Level 6.8 Stealth
 + Level 1.6 Evocations


You had 10 spell levels left.
You didn't know any spells.
Your spell library was empty.

Dungeon Overview and Level Annotations

Branches:
Dungeon (1/1)

Altars:
Cheibriados
Dithmenos
Elyvilon
Fedhas
Gozag
Hepliaklqana
Kikubaaqudgha
Makhleb
Nemelex Xobeh
Okawaru
Qazlal
Ru
Sif Muna
Trog
Uskayaw
Vehumet
Wu Jian
Xom
Yredelemnul
Zin
The Shining One
Beogh
Jiyva
Lugonu

Shops:
D *

Annotations:
D Joseph


Innate Abilities, Weirdness & Mutations

You can breathe waves of freezing cold which knock back foes.
Your icy white scales are hard. (AC +7)
You cannot fit into any form of body armour.
Your flesh is cold resistant. (rC+)
You are cold-blooded and may be slowed by cold attacks.
You are somewhat resistant to further mutation.
You are covered in fur. (AC +1)


Message History

Joseph hits you with a +2 quarterstaff of freezing!
Joseph freezes you.
Harold hits you with a +2 dire flail of distortion!!
Space warps horribly around you!!
Joseph hits you with a +2 quarterstaff of freezing.
You slash Harold! You burn Harold.
Harold is severely wounded.
You feel sick. Harold casts a spell at you. The poison arrow hits you!!!
You are more poisoned.
* * * LOW HITPOINT WARNING * * *
You slice Harold!! You burn Harold!
You kill Harold!
Trog accepts your kill.
Trog appreciates your killing of a magic user.
You feel very sick.
Joseph hits you with a +2 quarterstaff of freezing.
* * * LOW HITPOINT WARNING * * *
Joseph freezes you.
* * * LOW HITPOINT WARNING * * *
Your Fighting skill increases to level 17!
Your Long Blades skill increases to level 18!
Unknown command.
You barely miss Joseph.
Joseph is lightly wounded.
You feel very sick. Joseph barely misses you.
You barely miss Joseph.
Joseph is lightly wounded.
You feel very sick.
Joseph hits you with a +2 quarterstaff of freezing!
* * * LOW HITPOINT WARNING * * *
Joseph freezes you.
* * * LOW HITPOINT WARNING * * *
You chop Joseph into pieces!!! You burn Joseph!
Joseph is heavily wounded.
You feel sick.
Joseph hits you with a +2 quarterstaff of freezing!
You die...

##.#..#.##.###.#....^†#†.†≈≈#
)##)#.#.##.#.)##......#..††≈≈≈#
#.))#..#..##..'.......#...≈≈≈≈#
▓▓▓▓▓▓▓▓▓▓▓▓▓▓#^....^^#.......#
.....)..≈≈≈...#.....^.#.......#
≈≈≈≈≈≈≈≈≈≈♣♣P.'...^..^#.......#
♣♣♣♣♣♣♣♣♣♣♣♣PP#...^...#########
♣♣♣##'###### #.@.+ #@).# #...#
#####


You could see Joseph.

Vanquished Creatures
  Harold (D)
  Erolcha (D)
  2 orc high priests (D)
  2 deep elf knights (D)
  An orc sorcerer (D)
  2 deep elf pyromancers (D)
  2 deep elf zephyrmancers (D)
  A queen bee (D)
  A shadow (D)
  2 redbacks (D)
  A spatial vortex (D)
  An orc warrior (D)
  5 two-headed ogres (D)
  A necrophage (D)
  A water elemental (D)
  32 killer bees (D)
  3 wandering mushrooms (D)
  A jelly (D)
  2 orc priests (D)
  A wizard (D)
  A necromancer (D)
  3 orc wizards (D)
  3 humans (D)
  A kobold demonologist (D)
  A wolf (D)
  9 orcs (D)
  4 rats (D)
85 creatures vanquished.

Vanquished Creatures (others)
  2 plants (D)
2 creatures vanquished.

Grand Total: 87 creatures vanquished

Notes
Turn   | Place    | Note
-------+----------+-------------------------------------------
     0 | D        | mhtbhm the Draconian Berserker began the quest for the Orb.
     0 | D        | Reached XP level 1. HP: 19/19 MP: 1/1
    27 | D        | Reached ** piety under Trog
    40 | D        | Noticed a wolf
    56 | D        | Reached skill level 4 in Long Blades
    56 | D        | Reached XP level 2. HP: 28/28 MP: 2/2
   109 | D        | Reached skill level 5 in Fighting
   109 | D        | Reached XP level 3. HP: 36/36 MP: 3/3
   131 | D        | Gained mutation: You sometimes lose the ability to read
                  | scrolls when taking damage. [potion of mutation]
   131 | D        | Gained mutation: You tend to lose your temper in combat.
                  | [potion of mutation]
   131 | D        | Gained mutation: Your body sometimes deteriorates upon
                  | taking damage. [potion of mutation]
   133 | D        | Lost mutation: You sometimes lose the ability to read
                  | scrolls when taking damage. [potion of mutation]
   133 | D        | Lost mutation: You tend to lose your temper in combat.
                  | [potion of mutation]
   133 | D        | Gained mutation: You possess an exceptional clarity of
                  | mind. [potion of mutation]
   133 | D        | Gained mutation: You are strong-willed. (Will+) [potion of
                  | mutation]
   134 | D        | Lost mutation: You possess an exceptional clarity of mind.
                  | [potion of mutation]
   134 | D        | Lost mutation: You are strong-willed. (Will+) [potion of
                  | mutation]
   134 | D        | Lost mutation: Your body sometimes deteriorates upon taking
                  | damage. [potion of mutation]
   134 | D        | Gained mutation: You are somewhat resistant to further
                  | mutation. [potion of mutation]
   134 | D        | Gained mutation: You are covered in fur. (AC +1) [potion of
                  | mutation]
   149 | D        | Noticed a water elemental
   157 | D        | Killed a water elemental
   158 | D        | Reached skill level 5 in Long Blades
   158 | D        | Reached skill level 5 in Dodging
   158 | D        | Reached XP level 4. HP: 45/45 MP: 4/4
   248 | D        | Found a basalt altar of Yredelemnul.
   248 | D        | Found a shadowy altar of Dithmenos.
   248 | D        | Found a sacrificial altar of Ru.
   248 | D        | Noticed a necrophage
   252 | D        | Killed a necrophage
   252 | D        | Reached *** piety under Trog
   253 | D        | Reached skill level 6 in Long Blades
   253 | D        | Reached XP level 5. HP: 27/52 MP: 5/5
   255 | D        | Reached skill level 7 in Long Blades
   406 | D        | Found a radiant altar of Vehumet.
   406 | D        | Found a shimmering blue altar of Sif Muna.
   406 | D        | Found an ancient bone altar of Kikubaaqudgha.
   414 | D        | Reached **** piety under Trog
   470 | D        | Found a hide-covered altar of Uskayaw.
   470 | D        | Found an iron altar of Okawaru.
   470 | D        | Found a bloodstained altar of Trog.
   470 | D        | Found an ornate altar of the Wu Jian Council.
   470 | D        | Noticed a human
   471 | D        | Noticed a human
   477 | D        | Killed a human
   478 | D        | Reached skill level 8 in Long Blades
   478 | D        | Reached XP level 6. HP: 63/63 MP: 6/6
   482 | D        | Killed a human
   483 | D        | Reached skill level 9 in Long Blades
   511 | D        | Found a glowing silver altar of Zin.
   511 | D        | Found a glowing golden altar of the Shining One.
   511 | D        | Found a white marble altar of Elyvilon.
   512 | D        | Noticed a deep elf pyromancer
   524 | D        | Killed a deep elf pyromancer
   524 | D        | Reached ***** piety under Trog
   525 | D        | Reached skill level 10 in Fighting
   525 | D        | Reached skill level 11 in Long Blades
   525 | D        | Your scales start taking on an icy white colour.
   525 | D        | Reached XP level 7. HP: 73/73 MP: 7/7
   525 | D        | Gained mutation: Your flesh is cold resistant. (rC+) [White
                  | Draconian growth]
   647 | D        | Noticed a shadow
   655 | D        | Killed a shadow
   656 | D        | Reached XP level 8. HP: 38/82 MP: 8/8
   852 | D        | Found a blossoming altar of Fedhas.
   852 | D        | Found a stormy altar of Qazlal.
   852 | D        | Found a snail-covered altar of Cheibriados.
   852 | D        | Found a burning altar of Makhleb.
   852 | D        | Found a shimmering altar of Xom.
   853 | D        | Found a hazy altar of Hepliaklqana.
   853 | D        | Found an opulent altar of Gozag.
   853 | D        | Found a sparkling altar of Nemelex Xobeh.
   853 | D        | Found a corrupted altar of Lugonu.
   853 | D        | Found a viscous altar of Jiyva.
   918 | D        | Reached skill level 12 in Long Blades
  1067 | D        | Reached skill level 10 in Dodging
  1159 | D        | Received a gift from Trog
  1203 | D        | Noticed a two-headed ogre
  1226 | D        | Killed a two-headed ogre
  1272 | D        | Noticed a two-headed ogre
  1272 | D        | Noticed Erolcha
  1289 | D        | Reached skill level 13 in Long Blades
  1289 | D        | Reached skill level 1 in Stealth
  1290 | D        | Killed a two-headed ogre
  1291 | D        | Reached XP level 9. HP: 18/91 MP: 9/9
  1299 | D        | Killed Erolcha
  1300 | D        | Reached skill level 14 in Long Blades
  1952 | D        | Noticed a wandering mushroom
  1956 | D        | Noticed a wandering mushroom
  1958 | D        | Noticed a wandering mushroom
  2152 | D        | Received a gift from Trog
  2381 | D        | Noticed an orc high priest
  2382 | D        | Noticed an orc sorcerer
  2383 | D        | Found Azxeunnu's Assorted Antiques.
  2383 | D        | Noticed an orc high priest
  2390 | D        | Killed an orc high priest
  2391 | D        | Reached skill level 15 in Long Blades
  2392 | D        | Killed an orc sorcerer
  2392 | D        | Received a gift from Trog
  2393 | D        | Reached XP level 10. HP: 103/103 MP: 3/10
  2415 | D        | Reached ****** piety under Trog
  2427 | D        | Killed an orc high priest
  2428 | D        | Reached skill level 16 in Long Blades
  2428 | D        | Received a gift from Trog
  2611 | D        | Bought 2 sapphire potions for 39 gold pieces
  2611 | D        | Bought an amethyst potion for 19 gold pieces
  2611 | D        | Bought a scroll of identify for 44 gold pieces
  2620 | D        | Noticed a deep elf knight
  2620 | D        | Noticed a deep elf knight
  2620 | D        | Noticed a deep elf zephyrmancer
  2620 | D        | Noticed a deep elf zephyrmancer
  2620 | D        | Noticed a deep elf pyromancer
  2631 | D        | Killed a deep elf zephyrmancer
  2632 | D        | Reached skill level 15 in Fighting
  2637 | D        | Killed a deep elf knight
  2640 | D        | Killed a deep elf zephyrmancer
  2641 | D        | Reached skill level 5 in Stealth
  2642 | D        | Killed a deep elf pyromancer
  2642 | D        | Received a gift from Trog
  2643 | D        | Reached skill level 1 in Evocations
  2647 | D        | Killed a deep elf knight
  2648 | D        | Reached skill level 17 in Long Blades
  2788 | D        | Noticed a deep elf annihilator
  2849 | D        | Received a gift from Trog
  2850 | D        | Received a gift from Trog
  2851 | D        | Reached XP level 11. HP: 89/115 MP: 11/11
  2855 | D        | Received a gift from Trog
  2869 | D        | Received a gift from Trog
  3049 | D        | Noticed Harold
  3049 | D        | Noticed Joseph
  3059 | D        | Killed Harold
  3060 | D        | Reached skill level 18 in Long Blades
  3062 | D        | Slain by Joseph

Illustrated notes

Levels and vault maps discovered:
D:        dungeon_sprint_mu [sprint_mu_entry_cave, sprint_mu_temple_rooms,
          sprint_mu_d1_spiders, sprint_mu_d2_genie, sprint_mu_d3_branching,
          sprint_mu_orc_legion, sprint_mu_elf_gauntlet, sprint_mu_hive_nellie,
          sprint_mu_lair_fedhas, sprint_mu_vaults_butterflies,
          sprint_mu_slime_circle, sprint_mu_swamp_cave, sprint_mu_shoals_kraken,
          sprint_mu_blade_basic, sprint_mu_crypt_fortress,
          sprint_mu_tomb_spiral, sprint_mu_vestibule_basic,
          sprint_mu_gehenna_hellfire, sprint_mu_dis_giant,
          sprint_mu_tartarus_statrot, sprint_mu_cocytus_islands, sprint_mu_zot1]

Skill      XL: |  1  2  3  4  5  6  7  8  9 10 11 |
---------------+----------------------------------+-----
Dodging        | 3 4 5 7 9 10 11 12 | 12.3
Fighting       | 4 5 6 7 9 10 11 12 14 16 17 | 17.2
Long Blades    | 4 5 6 8 11 13 15 17 18 | 18.1
Stealth        | 1 3 6 |  6.8
Evocations     | 1 |  1.6

Action                   |  1- 3 |  4- 6 |  7- 9 | 10-12 || total
-------------------------+-------+-------+-------+-------++-------
Melee: Falchion          |    23 |    32 |       |       ||    55
       Tailslap          |     5 |     3 |    16 |     7 ||    31
       Punch             |       |     1 |     1 |       ||     2
       Long sword        |       |       |    86 |       ||    86
       Scimitar          |       |       |    13 |    20 ||    33
       Great sword       |       |       |       |    39 ||    39
Invok: Berserk           |     3 |     3 |     7 |     2 ||    15
 Abil: Breathe Frost     |       |       |     7 |     1 ||     8
Evoke: Condenser vane    |       |       |     1 |     1 ||     2
  Use: Potion            |     3 |       |     2 |       ||     5
       Scroll            |       |       |       |     3 ||     3
 Stab: Confused          |       |       |     1 |     1 ||     2
Armor: Skin              |     3 |       |     7 |    11 ||    21
Dodge: Dodged            |     9 |     8 |    60 |    41 ||   118

Table legend: (Time is in decaauts)
 A = Elapsed time spent in this place.
 B = Non-inter-level travel time spent in this place.
 C = Inter-level travel time spent in this place.
 D = Time resting spent in this place.
 E = Time spent auto-exploring this place.
 F = Levels seen in this place.
 G = Mean time per level.
                   A        B        C        D        E       F      G
               +--------+--------+--------+--------+--------+-----+--------+
         Total |   3136 |   3136 |      0 |   2367 |     23 |   1 | 3136.0 |
       Dungeon |   3136 |   3136 |      0 |   2367 |     23 |   1 | 3136.0 |
               +--------+--------+--------+--------+--------+-----+--------+

Top non-repeatable levels by time:
       D: 3136 daAuts
